[ PARTIDA AOE2 · #457657457 ]
UnrankedItalianos vs Muisca
[ ANÁLISIS DE REPETICIÓN · EXTRAÍDO DE LA PARTIDA GRABADA ]
Feudal
12:21
Castillos
15:54
Imperial
20:51
| APM promedio | 38.0 |
| APM pico | 84 |
| eAPM promedio | 17.2 |
| Aldeanos / militares | 81 / 7 |
Foco
⚔️ 24.7% · 🌾 75.3%
Unknown (882) ×58 · Bombard Cannon ×6 · Monk ×1
Feudal
11:04
Castillos
14:49
Imperial
31:34
| APM promedio | 20.8 |
| APM pico | 42 |
| eAPM promedio | 14.0 |
| Aldeanos / militares | 124 / 87 |
Foco
⚔️ 41.1% · 🌾 58.9%
Unknown (2550) ×110 · Skirmisher ×78 · Unknown (2562) ×75 · Trebuchet (Packed) ×9
Feudal
11:30
Castillos
15:52
Imperial
31:16
| APM promedio | 38.7 |
| APM pico | 79 |
| eAPM promedio | 24.0 |
| Aldeanos / militares | 139 / 102 |
Foco
⚔️ 23.7% · 🌾 76.3%
Mangudai ×67 · Scout Cavalry ×20 · Skirmisher ×11 · Trebuchet (Packed) ×4
Feudal
12:44
Castillos
17:56
Imperial
29:20
| APM promedio | 33.1 |
| APM pico | 74 |
| eAPM promedio | 14.2 |
| Aldeanos / militares | 126 / 138 |
Foco
⚔️ 23.7% · 🌾 76.3%
Spearman ×72 · Longbowman ×65 · Trebuchet (Packed) ×1
Feudal
11:16
Castillos
16:01
Imperial
28:49
| APM promedio | 21.7 |
| APM pico | 48 |
| eAPM promedio | 16.0 |
| Aldeanos / militares | 188 / 98 |
Foco
⚔️ 17.2% · 🌾 82.8%
Petard ×44 · Bolas Rider ×40 · Trebuchet (Packed) ×10 · Monk ×2 · Archer ×1 · Skirmisher ×1
Feudal
12:12
Castillos
16:01
Imperial
29:55
| APM promedio | 37.2 |
| APM pico | 70 |
| eAPM promedio | 20.3 |
| Aldeanos / militares | 129 / 203 |
Foco
⚔️ 24.5% · 🌾 75.5%
Scout Cavalry ×126 · Knight ×76 · Monk ×1
Mapa de la partida
Recursos iniciales + cada clic de construcción. Líneas = muros · curvas = relieve. ◆ oro · ⬟ piedra · ● bayas · ✦ reliquia · ◌ hueco del cierre
Tu base· ✓ Cerrada en 15:54 · 0t muro · 3 puerta(s)
Base de 狐月· ✓ Cerrada en 14:49 · 0t muro · 3 puerta(s)
Base de RenRen· ✓ Cerrada en 15:52 · 0t muro · 2 puerta(s)
Base de LET YOU PREGNANT· ✓ Cerrada en 17:56 · 8t muro · 4 puerta(s)
Base de ATM_おれあぽ· ✓ Cerrada en 16:01 · 0t muro · 3 puerta(s)
Base de 這遊戲是誰是真的trap· ✓ Cerrada en 16:01 · 0t muro · 2 puerta(s)
Terreno inicial suavizado · ◌ = hueco del cierre detectado · pasá el cursor para detalles
Inputs por minuto
— shutdown - - 狐月
Build order — shutdown
Primeras 150 de 244 acciones detectadas
| 0:01 | Crear | Villager (Male) |
| 0:01 | Crear | Villager (Male) |
| 0:02 | Crear | Villager (Male) |
| 0:03 | Construir | House |
| 0:04 | Construir | House |
| 0:17 | Crear | Villager (Male) |
| 1:25 | Crear | Villager (Male) |
| 2:04 | Crear | Villager (Male) |
| 2:19 | Crear | Villager (Male) |
| 2:37 | Construir | Lumber Camp |
| 2:51 | Crear | Villager (Male) |
| 3:09 | Crear | Villager (Male) |
| 3:09 | Crear | Villager (Male) |
| 3:37 | Crear | Villager (Male) |
| 3:55 | Construir | House |
| 3:56 | Construir | House |
| 3:57 | Construir | House |
| 4:12 | Crear | Villager (Male) |
| 4:30 | Crear | Villager (Male) |
| 5:11 | Crear | Villager (Male) |
| 5:11 | Crear | Villager (Male) |
| 5:23 | Construir | Mill |
| 5:28 | Crear | Villager (Male) |
| 5:29 | Crear | Villager (Male) |
| 5:40 | Crear | Villager (Male) |
| 6:04 | Crear | Villager (Male) |
| 6:41 | Crear | Villager (Male) |
| 6:41 | Crear | Villager (Male) |
| 6:42 | Crear | Villager (Male) |
| 6:57 | Construir | Farm |
| 7:20 | Construir | Farm |
| 7:42 | Construir | Mill |
| 8:15 | Construir | Farm |
| 8:18 | Crear | Villager (Male) |
| 8:18 | Crear | Villager (Male) |
| 8:33 | Construir | Farm |
| 9:02 | Crear | Villager (Male) |
| 9:14 | Construir | Mining Camp |
| 9:43 | Crear | Villager (Male) |
| 10:00 | Investigar | Feudal Age |
| 10:47 | Construir | Farm |
| 10:50 | Construir | Farm |
| 11:39 | Crear | Villager (Male) |
| 11:40 | Crear | Villager (Male) |
| 12:21 | Edad | Edad Feudal |
| 12:23 | Construir | Blacksmith |
| 12:27 | Construir | Market |
| 13:14 | Investigar | Castle Age |
| 13:22 | Construir | Farm |
| 15:48 | Crear | Villager (Male) |
| 15:51 | Construir | House |
| 15:53 | Construir | House |
| 15:54 | Edad | Edad de los Castillos |
| 15:58 | Construir | University |
| 16:23 | Crear | Villager (Male) |
| 17:01 | Crear | Villager (Male) |
| 17:05 | Investigar | Double-Bit Axe |
| 17:17 | Construir | Monastery |
| 17:22 | Construir | House |
| 17:41 | Investigar | Imperial Age |
| 18:09 | Construir | Farm |
| 18:10 | Construir | Farm |
| 18:43 | Construir | Barracks |
| 18:53 | Investigar | Double-Bit Axe |
| 19:19 | Investigar | Scale Mail Armor |
| 19:37 | Construir | Siege Workshop |
| 19:57 | Construir | Farm |
| 19:59 | Construir | Farm |
| 20:16 | Crear | Villager (Male) |
| 20:32 | Construir | Farm |
| 20:37 | Investigar | Pikeman (upgrade) |
| 20:51 | Edad | Edad Imperial |
| 20:52 | Investigar | Chemistry |
| 21:00 | Crear | Unit 882 |
| 21:01 | Crear | Unit 882 |
| 21:07 | Investigar | Forging |
| 21:20 | Crear | Villager (Male) |
| 21:28 | Investigar | Squires |
| 21:35 | Investigar | Chain Mail Armor |
| 21:45 | Crear | Villager (Male) |
| 21:48 | Construir | Farm |
| 21:52 | Construir | Farm |
| 21:56 | Construir | Farm |
| 22:00 | Construir | Farm |
| 22:04 | Crear | Unit 882 |
| 22:14 | Crear | Villager (Male) |
| 22:34 | Construir | Siege Workshop |
| 22:36 | Crear | Bombard Cannon |
| 22:39 | Investigar | Squires |
| 22:40 | Crear | Unit 882 |
| 22:43 | Crear | Villager (Male) |
| 22:49 | Construir | Farm |
| 22:59 | Investigar | Horse Collar |
| 22:59 | Investigar | Horse Collar |
| 23:15 | Investigar | Loom |
| 23:18 | Crear | Villager (Male) |
| 23:25 | Crear | Bombard Cannon |
| 23:30 | Construir | House |
| 23:34 | Crear | Unit 882 |
| 23:40 | Crear | Villager (Male) |
| 23:50 | Construir | House |
| 24:11 | Crear | Unit 882 |
| 24:11 | Crear | Unit 882 |
| 24:11 | Crear | Unit 882 |
| 24:19 | Construir | House |
| 24:31 | Crear | Unit 882 |
| 24:45 | Crear | Unit 882 |
| 24:48 | Crear | Villager (Male) |
| 24:52 | Construir | Farm |
| 24:55 | Construir | Farm |
| 25:00 | Crear | Villager (Male) |
| 25:03 | Crear | Monk |
| 25:23 | Construir | House |
| 25:27 | Crear | Villager (Male) |
| 25:57 | Crear | Unit 882 |
| 25:59 | Crear | Villager (Male) |
| 26:02 | Construir | House |
| 26:09 | Crear | Unit 882 |
| 26:09 | Crear | Unit 882 |
| 27:25 | Crear | Unit 882 |
| 27:25 | Crear | Unit 882 |
| 27:26 | Crear | Unit 882 |
| 27:49 | Crear | Unit 882 |
| 28:09 | Crear | Bombard Cannon |
| 28:12 | Crear | Bombard Cannon |
| 28:12 | Crear | Unit 882 |
| 28:36 | Crear | Unit 882 |
| 28:39 | Crear | Villager (Male) |
| 28:39 | Crear | Villager (Male) |
| 29:11 | Construir | Barracks |
| 29:31 | Crear | Unit 882 |
| 29:32 | Crear | Unit 882 |
| 29:48 | Crear | Unit 882 |
| 29:49 | Crear | Villager (Male) |
| 29:50 | Crear | Villager (Male) |
| 30:08 | Crear | Unit 882 |
| 30:08 | Crear | Unit 882 |
| 30:10 | Crear | Villager (Male) |
| 30:42 | Crear | Unit 882 |
| 30:43 | Crear | Unit 882 |
| 31:01 | Crear | Unit 882 |
| 31:03 | Crear | Villager (Male) |
| 31:04 | Crear | Villager (Male) |
| 31:04 | Crear | Villager (Male) |
| 31:29 | Crear | Unit 882 |
| 31:44 | Crear | Unit 882 |
| 31:48 | Crear | Unit 882 |
| 31:48 | Crear | Unit 882 |
| 32:00 | Crear | Villager (Male) |
| 32:03 | Investigar | Plate Mail Armor |
Build order — 狐月
Primeras 150 de 365 acciones detectadas
| 0:01 | Crear | Villager (Male) |
| 0:02 | Crear | Villager (Male) |
| 0:03 | Construir | House |
| 0:06 | Construir | House |
| 0:09 | Crear | Villager (Male) |
| 0:09 | Crear | Villager (Male) |
| 1:42 | Crear | Villager (Male) |
| 2:08 | Crear | Villager (Male) |
| 2:20 | Crear | Villager (Male) |
| 2:38 | Construir | Settlement |
| 2:55 | Crear | Villager (Male) |
| 3:15 | Crear | Villager (Male) |
| 3:54 | Crear | Villager (Male) |
| 3:54 | Crear | Villager (Male) |
| 3:55 | Crear | Villager (Male) |
| 5:09 | Crear | Villager (Male) |
| 5:09 | Crear | Villager (Male) |
| 5:45 | Construir | Settlement |
| 5:51 | Crear | Villager (Male) |
| 6:22 | Crear | Villager (Male) |
| 6:35 | Crear | Villager (Male) |
| 6:56 | Construir | House |
| 7:07 | Crear | Villager (Male) |
| 7:37 | Crear | Villager (Male) |
| 8:03 | Crear | Villager (Male) |
| 8:12 | Construir | Settlement |
| 8:29 | Crear | Villager (Male) |
| 8:36 | Investigar | Feudal Age |
| 9:06 | Crear | Villager (Male) |
| 9:06 | Crear | Villager (Male) |
| 11:04 | Edad | Edad Feudal |
| 11:16 | Construir | Market |
| 11:27 | Construir | Blacksmith |
| 11:39 | Construir | Farm |
| 11:41 | Construir | Farm |
| 11:46 | Construir | Farm |
| 12:09 | Investigar | Castle Age |
| 12:47 | Crear | Villager (Male) |
| 12:50 | Investigar | Double-Bit Axe |
| 12:56 | Investigar | Horse Collar |
| 12:59 | Crear | Villager (Male) |
| 13:03 | Investigar | Loom |
| 14:17 | Construir | Farm |
| 14:21 | Crear | Villager (Male) |
| 14:23 | Construir | Farm |
| 14:26 | Construir | Farm |
| 14:33 | Construir | Farm |
| 14:35 | Construir | Farm |
| 14:47 | Crear | Villager (Male) |
| 14:49 | Edad | Edad de los Castillos |
| 14:59 | Construir | Town Center |
| 15:06 | Construir | Town Center |
| 15:09 | Crear | Villager (Male) |
| 15:15 | Investigar | Bow Saw |
| 15:50 | Investigar | Heavy Plow |
| 16:00 | Crear | Villager (Male) |
| 16:00 | Crear | Villager (Male) |
| 16:09 | Construir | Farm |
| 16:46 | Crear | Villager (Male) |
| 16:47 | Crear | Villager (Male) |
| 16:54 | Crear | Villager (Male) |
| 17:00 | Construir | Farm |
| 17:03 | Crear | Villager (Male) |
| 17:08 | Construir | Farm |
| 17:18 | Construir | Farm |
| 17:19 | Crear | Villager (Male) |
| 17:19 | Crear | Villager (Male) |
| 17:25 | Construir | Farm |
| 17:30 | Construir | Farm |
| 17:31 | Crear | Villager (Male) |
| 17:33 | Construir | Farm |
| 17:46 | Crear | Villager (Male) |
| 17:52 | Construir | Farm |
| 17:57 | Construir | Farm |
| 18:00 | Construir | Farm |
| 18:05 | Construir | Farm |
| 18:06 | Crear | Villager (Male) |
| 18:08 | Construir | Farm |
| 18:13 | Construir | Farm |
| 18:18 | Crear | Villager (Male) |
| 18:18 | Crear | Villager (Male) |
| 18:25 | Construir | House |
| 18:26 | Construir | House |
| 18:27 | Construir | House |
| 18:27 | Construir | House |
| 18:30 | Crear | Villager (Male) |
| 18:40 | Crear | Villager (Male) |
| 18:57 | Crear | Villager (Male) |
| 18:58 | Crear | Villager (Male) |
| 18:58 | Crear | Villager (Male) |
| 19:03 | Construir | Farm |
| 19:09 | Crear | Villager (Male) |
| 19:09 | Crear | Villager (Male) |
| 19:14 | Crear | Villager (Male) |
| 19:28 | Construir | Barracks |
| 19:29 | Crear | Villager (Male) |
| 19:29 | Crear | Villager (Male) |
| 19:29 | Crear | Villager (Male) |
| 19:31 | Construir | Farm |
| 19:35 | Crear | Villager (Male) |
| 19:35 | Crear | Villager (Male) |
| 19:39 | Construir | Farm |
| 19:51 | Crear | Villager (Male) |
| 19:51 | Crear | Villager (Male) |
| 19:56 | Construir | Farm |
| 19:57 | Crear | Villager (Male) |
| 19:59 | Construir | Farm |
| 20:06 | Construir | Farm |
| 20:08 | Crear | Villager (Male) |
| 20:12 | Construir | Farm |
| 20:13 | Crear | Villager (Male) |
| 20:27 | Construir | Farm |
| 20:28 | Crear | Villager (Male) |
| 20:28 | Crear | Villager (Male) |
| 20:28 | Crear | Villager (Male) |
| 20:35 | Construir | House |
| 20:36 | Construir | House |
| 20:37 | Construir | House |
| 20:38 | Construir | House |
| 20:39 | Construir | House |
| 20:41 | Crear | Villager (Male) |
| 20:41 | Crear | Villager (Male) |
| 20:45 | Crear | Villager (Male) |
| 21:00 | Construir | Archery Range |
| 21:04 | Crear | Villager (Male) |
| 21:04 | Crear | Villager (Male) |
| 21:04 | Crear | Villager (Male) |
| 21:21 | Crear | Villager (Male) |
| 21:21 | Crear | Villager (Male) |
| 21:34 | Investigar | Gold Mining |
| 21:42 | Crear | Villager (Male) |
| 21:43 | Crear | Villager (Male) |
| 21:49 | Construir | Settlement |
| 21:57 | Construir | Farm |
| 21:59 | Crear | Villager (Male) |
| 21:59 | Crear | Villager (Male) |
| 22:05 | Construir | Archery Range |
| 22:25 | Investigar | Thumb Ring |
| 22:28 | Investigar | Fletching |
| 22:31 | Investigar | Padded Archer Armor |
| 22:32 | Crear | Villager (Male) |
| 22:36 | Crear | Villager (Male) |
| 22:42 | Crear | Villager (Male) |
| 22:52 | Crear | Villager (Male) |
| 22:58 | Investigar | Stone Mining |
| 23:02 | Investigar | Elite Skirmisher (upgrade) |
| 23:12 | Construir | House |
| 23:14 | Construir | House |
| 23:15 | Construir | House |
| 23:24 | Construir | House |
Build order — RenRen
Primeras 150 de 424 acciones detectadas
| 0:02 | Crear | Villager (Male) |
| 0:02 | Crear | Villager (Male) |
| 0:02 | Crear | Villager (Male) |
| 0:04 | Construir | House |
| 0:06 | Construir | House |
| 0:26 | Crear | Villager (Male) |
| 1:40 | Crear | Villager (Male) |
| 2:11 | Crear | Villager (Male) |
| 2:16 | Crear | Villager (Male) |
| 2:23 | Construir | Lumber Camp |
| 3:00 | Crear | Villager (Male) |
| 3:00 | Crear | Villager (Male) |
| 3:00 | Crear | Villager (Male) |
| 3:55 | Crear | Villager (Male) |
| 3:55 | Crear | Villager (Male) |
| 4:27 | Construir | House |
| 4:31 | Construir | House |
| 4:43 | Crear | Villager (Male) |
| 4:43 | Crear | Villager (Male) |
| 4:56 | Construir | Mill |
| 5:04 | Construir | Mill |
| 5:49 | Crear | Villager (Male) |
| 6:22 | Crear | Villager (Male) |
| 6:22 | Crear | Villager (Male) |
| 6:23 | Crear | Villager (Male) |
| 6:49 | Crear | Villager (Male) |
| 6:54 | Construir | Mill |
| 7:40 | Construir | Mining Camp |
| 8:05 | Crear | Villager (Male) |
| 8:09 | Crear | Villager (Male) |
| 8:38 | Crear | Villager (Male) |
| 8:39 | Investigar | Feudal Age |
| 9:00 | Construir | Farm |
| 10:27 | Construir | Farm |
| 10:27 | Construir | Farm |
| 10:40 | Construir | Farm |
| 10:46 | Construir | Farm |
| 10:48 | Construir | House |
| 10:55 | Construir | Farm |
| 11:08 | Construir | Farm |
| 11:30 | Edad | Edad Feudal |
| 11:38 | Construir | Market |
| 11:47 | Crear | Villager (Male) |
| 11:48 | Crear | Villager (Male) |
| 12:24 | Construir | Blacksmith |
| 12:32 | Crear | Villager (Male) |
| 12:49 | Investigar | Double-Bit Axe |
| 13:08 | Construir | Farm |
| 13:12 | Investigar | Castle Age |
| 14:04 | Construir | House |
| 14:15 | Construir | House |
| 14:16 | Construir | House |
| 14:25 | Construir | House |
| 14:25 | Construir | House |
| 14:33 | Construir | House |
| 14:35 | Construir | House |
| 15:11 | Investigar | Horse Collar |
| 15:34 | Construir | House |
| 15:49 | Crear | Villager (Male) |
| 15:52 | Edad | Edad de los Castillos |
| 15:55 | Construir | Town Center |
| 16:04 | Construir | Town Center |
| 16:09 | Investigar | Bow Saw |
| 16:12 | Crear | Villager (Male) |
| 16:33 | Construir | House |
| 16:34 | Construir | House |
| 16:53 | Construir | Farm |
| 16:54 | Construir | Farm |
| 17:13 | Crear | Villager (Male) |
| 17:16 | Crear | Villager (Male) |
| 17:23 | Crear | Villager (Male) |
| 17:28 | Crear | Villager (Male) |
| 17:34 | Construir | Mining Camp |
| 17:44 | Construir | Farm |
| 17:45 | Construir | Farm |
| 17:46 | Crear | Villager (Male) |
| 18:00 | Construir | Farm |
| 18:02 | Construir | Farm |
| 18:05 | Crear | Villager (Male) |
| 18:08 | Crear | Villager (Male) |
| 18:09 | Crear | Villager (Male) |
| 18:18 | Construir | Farm |
| 18:26 | Crear | Villager (Male) |
| 18:28 | Investigar | Fletching |
| 18:31 | Crear | Villager (Male) |
| 18:32 | Crear | Villager (Male) |
| 18:35 | Construir | Farm |
| 18:35 | Construir | Farm |
| 18:38 | Crear | Villager (Male) |
| 18:40 | Crear | Villager (Male) |
| 18:43 | Construir | House |
| 18:52 | Crear | Villager (Male) |
| 18:55 | Construir | Farm |
| 18:57 | Crear | Villager (Male) |
| 19:03 | Construir | Farm |
| 19:05 | Crear | Villager (Male) |
| 19:11 | Construir | Farm |
| 19:20 | Crear | Villager (Male) |
| 19:23 | Crear | Villager (Male) |
| 19:27 | Construir | Farm |
| 19:32 | Crear | Villager (Male) |
| 19:33 | Crear | Villager (Male) |
| 19:35 | Construir | House |
| 20:00 | Construir | Farm |
| 20:09 | Construir | Barracks |
| 20:12 | Crear | Villager (Male) |
| 20:16 | Crear | Villager (Male) |
| 20:23 | Construir | Farm |
| 20:30 | Investigar | Wheelbarrow |
| 20:35 | Crear | Villager (Male) |
| 20:35 | Crear | Villager (Male) |
| 20:42 | Construir | Farm |
| 20:48 | Construir | Lumber Camp |
| 20:57 | Construir | Lumber Camp |
| 21:01 | Construir | Lumber Camp |
| 21:10 | Crear | Villager (Male) |
| 21:11 | Crear | Villager (Male) |
| 21:11 | Crear | Villager (Male) |
| 21:16 | Construir | Farm |
| 21:18 | Crear | Villager (Male) |
| 21:19 | Construir | Farm |
| 21:32 | Crear | Villager (Male) |
| 21:38 | Construir | House |
| 21:47 | Crear | Villager (Male) |
| 21:47 | Crear | Villager (Male) |
| 22:05 | Construir | Farm |
| 22:17 | Construir | Stable |
| 22:24 | Construir | Archery Range |
| 22:26 | Investigar | Bodkin Arrow |
| 22:30 | Crear | Villager (Male) |
| 22:30 | Crear | Villager (Male) |
| 22:35 | Construir | Farm |
| 22:38 | Construir | Farm |
| 22:42 | Crear | Villager (Male) |
| 22:42 | Crear | Villager (Male) |
| 22:52 | Construir | University |
| 23:00 | Construir | University |
| 23:03 | Crear | Villager (Male) |
| 23:03 | Crear | Villager (Male) |
| 23:11 | Crear | Villager (Male) |
| 23:14 | Construir | House |
| 23:16 | Construir | House |
| 23:17 | Construir | House |
| 23:23 | Investigar | Padded Archer Armor |
| 23:25 | Crear | Villager (Male) |
| 23:25 | Crear | Villager (Male) |
| 23:25 | Crear | Villager (Male) |
| 23:45 | Construir | Farm |
| 23:53 | Construir | Archery Range |
| 23:58 | Construir | Archery Range |
Build order — LET YOU PREGNANT
Primeras 150 de 315 acciones detectadas
| 0:01 | Crear | Villager (Male) ×4 |
| 0:13 | Construir | House |
| 0:17 | Construir | House |
| 1:26 | Crear | Villager (Male) |
| 2:15 | Crear | Villager (Male) |
| 2:16 | Crear | Villager (Male) |
| 2:16 | Crear | Villager (Male) |
| 2:21 | Construir | Lumber Camp |
| 3:29 | Crear | Villager (Male) |
| 3:49 | Crear | Villager (Male) |
| 3:49 | Crear | Villager (Male) |
| 4:14 | Construir | House |
| 4:15 | Construir | House |
| 4:17 | Crear | Villager (Male) |
| 4:58 | Crear | Villager (Male) |
| 4:59 | Crear | Villager (Male) |
| 4:59 | Crear | Villager (Male) |
| 5:27 | Construir | Mill |
| 5:46 | Crear | Villager (Male) |
| 5:46 | Crear | Villager (Male) |
| 5:46 | Crear | Villager (Male) |
| 6:11 | Crear | Villager (Male) |
| 6:34 | Crear | Villager (Male) |
| 6:34 | Crear | Villager (Male) |
| 6:39 | Crear | Villager (Male) |
| 6:39 | Crear | Villager (Male) |
| 7:19 | Construir | Mining Camp |
| 7:35 | Crear | Villager (Male) |
| 7:35 | Crear | Villager (Male) |
| 7:35 | Crear | Villager (Male) |
| 8:01 | Crear | Villager (Male) |
| 8:02 | Crear | Villager (Male) |
| 8:02 | Crear | Villager (Male) |
| 8:02 | Crear | Villager (Male) |
| 8:35 | Construir | House |
| 8:36 | Construir | House |
| 8:49 | Crear | Villager (Male) |
| 8:49 | Crear | Villager (Male) |
| 10:09 | Crear | Villager (Male) |
| 10:09 | Crear | Villager (Male) |
| 10:17 | Investigar | Feudal Age |
| 10:52 | Construir | Mining Camp |
| 11:49 | Construir | Farm |
| 11:50 | Construir | Farm |
| 11:51 | Construir | Farm |
| 11:52 | Construir | Farm |
| 12:03 | Construir | Farm |
| 12:09 | Construir | Farm |
| 12:20 | Crear | Villager (Male) |
| 12:21 | Crear | Villager (Male) |
| 12:23 | Construir | Farm |
| 12:30 | Construir | Farm |
| 12:44 | Edad | Edad Feudal |
| 13:24 | Construir | Blacksmith |
| 13:33 | Crear | Villager (Male) |
| 13:36 | Crear | Villager (Male) |
| 13:56 | Crear | Villager (Male) |
| 14:28 | Construir | Market |
| 14:38 | Construir | House |
| 14:41 | Crear | Villager (Male) |
| 14:52 | Investigar | Double-Bit Axe |
| 15:03 | Crear | Villager (Male) |
| 15:03 | Crear | Villager (Male) |
| 15:09 | Crear | Villager (Male) |
| 15:16 | Investigar | Castle Age |
| 15:27 | Construir | Stone Wall |
| 15:31 | Construir | Gate |
| 15:34 | Construir | House |
| 15:35 | Construir | House |
| 15:44 | Construir | House |
| 15:46 | Construir | House |
| 15:54 | Investigar | Stone Mining |
| 16:13 | Investigar | Horse Collar |
| 16:27 | Construir | Stone Wall |
| 16:30 | Construir | Gate |
| 16:33 | Construir | House |
| 16:38 | Construir | House |
| 16:39 | Investigar | Gold Mining |
| 17:31 | Construir | House |
| 17:33 | Construir | House |
| 17:37 | Construir | House |
| 17:38 | Construir | House |
| 17:41 | Construir | House |
| 17:50 | Construir | House |
| 17:52 | Crear | Villager (Male) |
| 17:53 | Crear | Villager (Male) |
| 17:56 | Edad | Edad de los Castillos |
| 18:09 | Construir | Town Center |
| 18:15 | Crear | Villager (Male) |
| 18:15 | Crear | Villager (Male) |
| 18:26 | Construir | Town Center |
| 18:29 | Crear | Villager (Male) |
| 18:50 | Construir | Castle |
| 18:56 | Crear | Villager (Male) |
| 18:56 | Crear | Villager (Male) |
| 19:00 | Crear | Villager (Male) |
| 19:00 | Crear | Villager (Male) |
| 19:05 | Construir | Farm |
| 19:06 | Construir | Farm |
| 19:07 | Construir | Farm |
| 19:08 | Construir | Farm |
| 19:23 | Construir | Farm |
| 19:35 | Crear | Villager (Male) |
| 19:41 | Crear | Villager (Male) |
| 19:43 | Crear | Villager (Male) |
| 19:46 | Construir | Farm |
| 19:47 | Construir | Farm |
| 19:55 | Crear | Villager (Male) |
| 19:55 | Crear | Villager (Male) |
| 19:55 | Crear | Villager (Male) |
| 19:57 | Crear | Villager (Male) |
| 20:03 | Construir | Farm |
| 20:04 | Construir | Farm |
| 20:34 | Crear | Villager (Male) ×3 |
| 20:41 | Construir | Mill |
| 20:43 | Construir | Farm |
| 20:45 | Construir | Farm |
| 20:47 | Construir | Farm |
| 20:49 | Crear | Villager (Male) |
| 20:54 | Crear | Villager (Male) |
| 20:54 | Crear | Villager (Male) |
| 21:03 | Construir | Farm |
| 21:04 | Construir | Farm |
| 21:05 | Construir | Farm |
| 21:07 | Construir | Farm |
| 21:07 | Construir | Farm |
| 21:07 | Construir | Farm |
| 21:09 | Crear | Villager (Male) ×2 |
| 21:22 | Crear | Villager (Male) |
| 21:28 | Crear | Longbowman |
| 21:29 | Crear | Longbowman |
| 21:37 | Crear | Longbowman |
| 21:37 | Crear | Longbowman |
| 21:37 | Crear | Longbowman |
| 21:39 | Crear | Villager (Male) |
| 21:46 | Construir | Farm |
| 21:50 | Construir | Farm |
| 21:52 | Construir | Farm |
| 21:52 | Construir | Farm |
| 21:53 | Construir | Farm |
| 21:53 | Construir | Farm |
| 21:53 | Construir | Farm |
| 21:54 | Construir | Farm |
| 21:56 | Crear | Villager (Male) ×2 |
| 22:01 | Crear | Longbowman |
| 22:06 | Crear | Villager (Male) |
| 22:08 | Crear | Villager (Male) |
| 22:14 | Construir | Farm |
| 22:15 | Construir | Farm |
| 22:16 | Construir | Farm |
Build order — ATM_おれあぽ
Primeras 150 de 404 acciones detectadas
| 0:02 | Crear | Villager (Male) |
| 0:02 | Crear | Villager (Male) |
| 0:02 | Crear | Villager (Male) |
| 0:06 | Construir | House |
| 0:10 | Construir | House |
| 0:21 | Crear | Villager (Male) |
| 1:28 | Crear | Villager (Male) |
| 2:07 | Construir | Settlement |
| 2:11 | Crear | Villager (Male) |
| 2:24 | Crear | Villager (Male) |
| 3:04 | Crear | Villager (Male) |
| 3:40 | Crear | Villager (Male) |
| 3:40 | Crear | Villager (Male) |
| 3:51 | Crear | Villager (Male) |
| 4:43 | Crear | Villager (Male) |
| 5:07 | Crear | Villager (Male) |
| 5:09 | Crear | Villager (Male) |
| 5:41 | Crear | Villager (Male) |
| 5:58 | Construir | Settlement |
| 6:05 | Crear | Villager (Male) |
| 6:36 | Crear | Villager (Male) |
| 7:09 | Crear | Villager (Male) |
| 7:21 | Crear | Villager (Male) |
| 8:08 | Construir | Outpost |
| 8:16 | Crear | Villager (Male) |
| 8:17 | Crear | Villager (Male) |
| 8:45 | Investigar | Feudal Age |
| 9:22 | Construir | Outpost |
| 9:23 | Crear | Villager (Male) |
| 9:51 | Crear | Villager (Male) |
| 9:57 | Construir | House |
| 9:58 | Construir | House |
| 10:45 | Crear | Villager (Male) |
| 11:13 | Construir | Outpost |
| 11:14 | Crear | Villager (Male) |
| 11:16 | Edad | Edad Feudal |
| 11:18 | Construir | House |
| 11:19 | Construir | House |
| 11:20 | Crear | Villager (Male) |
| 11:36 | Construir | Blacksmith |
| 11:44 | Construir | Market |
| 11:49 | Crear | Villager (Male) |
| 12:04 | Construir | Farm |
| 12:05 | Construir | Farm |
| 12:06 | Construir | Farm |
| 12:11 | Construir | Farm |
| 12:27 | Construir | Settlement |
| 12:40 | Construir | House |
| 12:44 | Construir | House |
| 13:05 | Investigar | Castle Age |
| 13:09 | Construir | House |
| 13:09 | Construir | House |
| 13:39 | Investigar | Double-Bit Axe |
| 13:52 | Crear | Villager (Male) |
| 14:18 | Construir | House |
| 14:18 | Construir | House |
| 14:20 | Construir | House |
| 14:20 | Crear | Villager (Male) |
| 14:41 | Construir | Settlement |
| 14:46 | Investigar | Horse Collar |
| 15:11 | Construir | Farm |
| 15:46 | Construir | House |
| 15:47 | Crear | Villager (Male) |
| 16:01 | Edad | Edad de los Castillos |
| 16:13 | Construir | Town Center |
| 16:31 | Construir | Town Center |
| 16:38 | Crear | Villager (Male) |
| 16:51 | Investigar | Heavy Plow |
| 16:54 | Investigar | Bow Saw |
| 16:57 | Investigar | Heavy Plow |
| 17:21 | Construir | Outpost |
| 17:32 | Construir | Outpost |
| 17:37 | Crear | Villager (Male) |
| 18:00 | Construir | Farm |
| 18:00 | Construir | Farm |
| 18:06 | Construir | Farm |
| 18:08 | Crear | Villager (Male) |
| 18:09 | Crear | Villager (Male) |
| 18:14 | Construir | Farm |
| 18:15 | Construir | Farm |
| 18:15 | Construir | Farm |
| 18:18 | Crear | Villager (Male) |
| 18:18 | Crear | Villager (Male) |
| 18:33 | Construir | Farm |
| 18:46 | Construir | Farm |
| 18:47 | Crear | Villager (Male) |
| 18:47 | Crear | Villager (Male) |
| 18:53 | Construir | Farm |
| 18:54 | Construir | Farm |
| 19:01 | Construir | Farm |
| 19:02 | Construir | Farm |
| 19:04 | Crear | Villager (Male) |
| 19:09 | Crear | Villager (Male) |
| 19:15 | Investigar | Loom |
| 19:19 | Construir | Farm |
| 19:20 | Crear | Villager (Male) |
| 19:20 | Crear | Villager (Male) |
| 19:29 | Construir | Farm |
| 19:30 | Construir | Farm |
| 19:32 | Crear | Villager (Male) |
| 19:43 | Construir | Farm |
| 19:43 | Construir | Farm |
| 19:45 | Crear | Villager (Male) |
| 19:55 | Construir | Farm |
| 19:55 | Crear | Villager (Male) |
| 20:11 | Construir | Farm |
| 20:15 | Construir | Farm |
| 20:16 | Crear | Villager (Male) |
| 20:16 | Crear | Villager (Male) |
| 20:24 | Construir | Farm |
| 20:25 | Crear | Villager (Male) |
| 20:28 | Crear | Villager (Male) |
| 20:36 | Construir | Farm |
| 20:36 | Construir | Farm |
| 20:37 | Construir | Farm |
| 20:39 | Crear | Villager (Male) |
| 20:42 | Construir | Farm |
| 20:50 | Construir | Farm |
| 20:53 | Construir | Farm |
| 20:54 | Crear | Villager (Male) |
| 20:55 | Crear | Villager (Male) |
| 20:57 | Crear | Villager (Male) |
| 21:27 | Crear | Villager (Male) |
| 21:28 | Crear | Villager (Male) |
| 21:28 | Crear | Villager (Male) |
| 21:28 | Crear | Villager (Male) |
| 21:35 | Crear | Villager (Male) |
| 21:35 | Crear | Villager (Male) |
| 21:50 | Construir | Farm |
| 21:54 | Crear | Villager (Male) |
| 21:54 | Crear | Villager (Male) |
| 22:04 | Crear | Villager (Male) |
| 22:05 | Crear | Villager (Male) |
| 22:06 | Crear | Villager (Male) |
| 22:11 | Construir | House |
| 22:12 | Construir | House |
| 22:13 | Construir | House |
| 22:18 | Construir | Monastery |
| 22:18 | Crear | Villager (Male) |
| 22:19 | Crear | Villager (Male) |
| 22:19 | Crear | Villager (Male) |
| 22:25 | Investigar | Wheelbarrow |
| 22:39 | Crear | Villager (Male) |
| 22:39 | Crear | Villager (Male) |
| 22:39 | Crear | Villager (Male) |
| 23:01 | Construir | University |
| 23:03 | Crear | Villager (Male) |
| 23:18 | Construir | Farm |
| 23:18 | Construir | Farm |
| 23:24 | Crear | Villager (Male) |
Build order — 這遊戲是誰是真的trap
Primeras 150 de 387 acciones detectadas
| 0:02 | Crear | Villager (Male) |
| 0:02 | Crear | Villager (Male) |
| 0:02 | Crear | Villager (Male) |
| 0:03 | Crear | Villager (Male) |
| 0:03 | Crear | Villager (Male) |
| 0:07 | Construir | House |
| 0:10 | Construir | House |
| 1:52 | Crear | Villager (Male) |
| 2:25 | Crear | Villager (Male) |
| 2:26 | Crear | Villager (Male) |
| 2:26 | Crear | Villager (Male) |
| 3:21 | Crear | Villager (Male) |
| 3:56 | Construir | House |
| 3:57 | Construir | House |
| 4:07 | Crear | Villager (Male) |
| 4:37 | Crear | Villager (Male) |
| 4:53 | Crear | Villager (Male) |
| 5:01 | Construir | Lumber Camp |
| 5:27 | Crear | Villager (Male) |
| 5:30 | Crear | Villager (Male) |
| 5:30 | Crear | Villager (Male) |
| 6:04 | Crear | Villager (Male) |
| 6:04 | Crear | Villager (Male) |
| 6:04 | Crear | Villager (Male) |
| 6:31 | Construir | Mill |
| 7:09 | Construir | Mill |
| 7:32 | Crear | Villager (Male) |
| 7:32 | Crear | Villager (Male) |
| 7:32 | Crear | Villager (Male) |
| 7:32 | Crear | Villager (Male) |
| 7:33 | Crear | Villager (Male) |
| 7:33 | Crear | Villager (Male) |
| 8:27 | Construir | Farm |
| 8:47 | Construir | House |
| 8:49 | Construir | House |
| 8:51 | Construir | Farm |
| 9:21 | Construir | Farm |
| 9:47 | Investigar | Feudal Age |
| 9:53 | Construir | Mining Camp |
| 11:03 | Construir | Farm |
| 12:00 | Crear | Villager (Male) |
| 12:00 | Crear | Villager (Male) |
| 12:12 | Edad | Edad Feudal |
| 12:24 | Construir | Market |
| 12:27 | Construir | Blacksmith |
| 13:21 | Investigar | Castle Age |
| 13:46 | Investigar | Double-Bit Axe |
| 13:52 | Construir | Farm |
| 13:53 | Construir | Farm |
| 13:54 | Construir | Farm |
| 14:01 | Construir | Farm |
| 15:43 | Construir | House |
| 15:44 | Construir | House |
| 15:46 | Construir | House |
| 15:56 | Crear | Villager (Male) |
| 15:56 | Crear | Villager (Male) |
| 15:56 | Crear | Villager (Male) |
| 15:57 | Crear | Villager (Male) |
| 15:57 | Crear | Villager (Male) |
| 16:01 | Edad | Edad de los Castillos |
| 16:11 | Construir | Town Center |
| 16:50 | Construir | Town Center |
| 17:07 | Crear | Villager (Male) |
| 17:21 | Crear | Villager (Male) |
| 17:21 | Crear | Villager (Male) |
| 17:22 | Crear | Villager (Male) |
| 17:26 | Construir | Farm |
| 17:29 | Construir | Farm |
| 17:38 | Crear | Villager (Male) |
| 17:39 | Crear | Villager (Male) |
| 17:44 | Investigar | Loom |
| 18:15 | Crear | Villager (Male) |
| 18:15 | Crear | Villager (Male) |
| 18:17 | Crear | Villager (Male) |
| 18:21 | Crear | Villager (Male) |
| 18:21 | Crear | Villager (Male) |
| 18:22 | Crear | Villager (Male) |
| 18:22 | Crear | Villager (Male) |
| 18:32 | Construir | House |
| 18:33 | Construir | House |
| 18:34 | Construir | House |
| 18:38 | Crear | Villager (Male) |
| 18:38 | Crear | Villager (Male) |
| 18:38 | Crear | Villager (Male) |
| 18:38 | Crear | Villager (Male) |
| 18:44 | Construir | Farm |
| 18:46 | Construir | Farm |
| 18:50 | Construir | Farm |
| 19:01 | Crear | Villager (Male) |
| 19:02 | Crear | Villager (Male) |
| 19:12 | Investigar | Bow Saw |
| 19:26 | Crear | Villager (Male) |
| 19:55 | Crear | Villager (Male) |
| 19:55 | Crear | Villager (Male) |
| 19:56 | Crear | Villager (Male) |
| 19:56 | Crear | Villager (Male) |
| 20:04 | Construir | Farm |
| 20:05 | Construir | Farm |
| 20:07 | Construir | Farm |
| 20:13 | Construir | Farm |
| 20:17 | Construir | Farm |
| 20:20 | Crear | Villager (Male) |
| 20:21 | Crear | Villager (Male) |
| 20:33 | Construir | Farm |
| 20:35 | Crear | Villager (Male) |
| 20:36 | Crear | Villager (Male) |
| 20:56 | Construir | House |
| 20:57 | Construir | House |
| 20:58 | Construir | House |
| 21:21 | Crear | Villager (Male) |
| 21:21 | Crear | Villager (Male) |
| 21:22 | Crear | Villager (Male) |
| 21:22 | Crear | Villager (Male) |
| 21:22 | Crear | Villager (Male) |
| 21:22 | Crear | Villager (Male) |
| 21:30 | Construir | Town Center |
| 21:45 | Crear | Villager (Male) |
| 21:46 | Crear | Villager (Male) |
| 21:46 | Crear | Villager (Male) |
| 22:21 | Crear | Villager (Male) |
| 22:21 | Crear | Villager (Male) |
| 22:22 | Crear | Villager (Male) |
| 22:27 | Investigar | Wheelbarrow |
| 22:29 | Crear | Villager (Male) |
| 22:32 | Construir | Mining Camp |
| 22:43 | Construir | Farm |
| 22:51 | Construir | Farm |
| 22:52 | Construir | Farm |
| 22:54 | Construir | Farm |
| 23:09 | Construir | Barracks |
| 23:19 | Construir | Stone Wall |
| 23:21 | Construir | Stone Wall |
| 23:27 | Crear | Villager (Male) |
| 23:28 | Crear | Villager (Male) |
| 23:28 | Crear | Villager (Male) |
| 23:29 | Crear | Villager (Male) |
| 23:29 | Crear | Villager (Male) |
| 23:29 | Crear | Villager (Male) |
| 23:30 | Crear | Villager (Male) |
| 23:30 | Crear | Villager (Male) |
| 23:36 | Construir | Farm |
| 23:37 | Construir | Farm |
| 23:38 | Construir | Farm |
| 23:39 | Construir | Farm |
| 23:43 | Construir | Farm |
| 23:57 | Crear | Villager (Male) |
| 23:57 | Crear | Villager (Male) |
| 23:57 | Crear | Villager (Male) |
| 23:57 | Crear | Villager (Male) |
| 24:09 | Construir | House |
Cronología de la partida
| 11:04 | 狐月 · age_up feudal |
| 11:16 | ATM_おれあぽ · age_up feudal |
| 11:30 | RenRen · age_up feudal |
| 12:12 | 這遊戲是誰是真的trap · age_up feudal |
| 12:21 | shutdown · age_up feudal |
| 12:44 | LET YOU PREGNANT · age_up feudal |
| 14:49 | 狐月 · age_up castle |
| 15:27 | LET YOU PREGNANT · wall_segment Stone Wall x4 |
| 15:52 | RenRen · age_up castle |
| 15:54 | shutdown · age_up castle |
| 16:01 | 這遊戲是誰是真的trap · age_up castle |
| 16:01 | ATM_おれあぽ · age_up castle |
| 16:27 | LET YOU PREGNANT · wall_segment Stone Wall x4 |
| 17:17 | shutdown · first_building Monastery |
| 17:56 | LET YOU PREGNANT · age_up castle |
| 18:40 | shutdown · first_market_sell 100 stone |
| 18:41 | shutdown · first_market_buy 100 wood |
| 18:43 | shutdown · first_building Barracks |
| 18:50 | LET YOU PREGNANT · first_building Castle |
| 19:28 | 狐月 · first_building Barracks |
| 19:37 | shutdown · first_building Siege Workshop |
| 20:09 | RenRen · first_building Barracks |
| 20:51 | shutdown · age_up imperial |
| 21:00 | 狐月 · first_building Archery Range |
| 22:17 | RenRen · first_building Stable |
| 22:18 | ATM_おれあぽ · first_building Monastery |
| 22:24 | RenRen · first_building Archery Range |
| 23:09 | 這遊戲是誰是真的trap · first_building Barracks |
| 23:19 | 這遊戲是誰是真的trap · wall_segment Stone Wall x1 |
| 23:21 | 這遊戲是誰是真的trap · wall_segment Stone Wall x1 |
| 24:46 | 這遊戲是誰是真的trap · first_building Monastery |
| 25:33 | RenRen · first_building Castle |
| 25:34 | ATM_おれあぽ · first_market_sell 100 food |
| 25:49 | ATM_おれあぽ · first_building Barracks |
| 26:02 | LET YOU PREGNANT · first_market_buy 100 food |
| 26:42 | RenRen · wall_segment Stone Wall x1 |
| 26:45 | RenRen · wall_segment Stone Wall x1 |
| 26:47 | RenRen · wall_segment Stone Wall x1 |
| 27:05 | 這遊戲是誰是真的trap · first_building Stable |
| 27:11 | 狐月 · first_building Castle |
| 27:12 | LET YOU PREGNANT · first_building Barracks |
| 27:17 | ATM_おれあぽ · first_building Archery Range |
| 28:39 | ATM_おれあぽ · first_building Castle |
| 28:49 | ATM_おれあぽ · age_up imperial |
| 29:20 | LET YOU PREGNANT · age_up imperial |
| 29:26 | LET YOU PREGNANT · first_market_sell 100 food |
| 29:55 | 這遊戲是誰是真的trap · age_up imperial |
| 30:07 | 這遊戲是誰是真的trap · first_building Castle |
| 31:01 | RenRen · wall_segment Stone Wall x1 |
| 31:13 | RenRen · first_market_buy 100 stone |
| 31:16 | RenRen · age_up imperial |
| 31:34 | 狐月 · age_up imperial |
| 33:33 | RenRen · wall_segment Stone Wall x1 |
| 33:42 | RenRen · wall_segment Stone Wall x1 |
| 35:39 | 這遊戲是誰是真的trap · first_market_sell 100 stone |
| 38:29 | shutdown · wall_segment Stone Wall x17 |
| 40:04 | shutdown · wall_segment Stone Wall x5 |
| 40:11 | shutdown · wall_segment Stone Wall x2 |
| 41:46 | shutdown · wall_segment Stone Wall x5 |
| 42:40 | shutdown · first_building Archery Range |
| 43:14 | LET YOU PREGNANT · resign |
[ ANÁLISIS IA · 1 CRÉDITO ]
¿Qué pasó realmente en esta partida?
Wolo.gg analiza cada decisión: build order, eco, micro, errores típicos por bracket. Análisis personalizado por WhatsApp o Discord en 30 segundos.
Guía civ
Italianos
Perfil
Jugador #6327596